 Dungeon Crawl Stone Soup version 0.31-a0-188-g5e087ee2ca (webtiles) character file.

Game seed: 8454063215489506047

23 kiwi3s the Trooper (level 2, -4/40 HPs)
             Began as a Minotaur Berserker on June 23, 2023.
             Was a Believer of Trog.
             Slain by Terence
             ... wielding a +0 mace
              (9 damage)
             ... on level 2 of the Dungeon.
             The game lasted 00:00:35 (636 turns).

kiwi3s the Trooper (Minotaur Berserker)              Turns: 636, Time: 00:00:36

Health: -4/40      AC:  2    Str: 21    XL:     2   Next: 75%
Magic:  1/1        EV: 12    Int:  4    God:    Trog [**....]
Gold:   85         SH:  0    Dex:  9    Spells: 1/1 levels left

rFire   . . .        a - +0 hand axe
rCold   . . .        (no shield)
rNeg    . . .        b - +0 animal skin
rPois   .            (helmet restricted)
rElec   .            (no cloak)
rCorr   .            (no gloves)
SInv    .            (no boots)
Will    .....        (no amulet) Stlth
                     (no ring)
HPRegen 0.26/turn    (no ring)
MPRegen 0.07/turn

%: no passive effects
@: berserking, very quick
A: horns 2, retaliatory headbutt
a: Renounce Religion, Berserk, Trog's Hand


You were on level 2 of the Dungeon.
You worshipped Trog.
Trog was pleased with you.
You visited 1 branch of the dungeon, and saw 2 of its levels.

You collected 85 gold pieces.

Inventory:

Hand Weapons
 a - a +0 hand axe (weapon)
Armour
 b - a +0 animal skin (worn)
Scrolls
 c - 7 scrolls of identify {unknown}
 d - a scroll of torment {unknown}
 h - a scroll of revelation {unknown}
Potions
 e - a potion of attraction {unknown}
 f - a potion of mutation {unknown}
 g - a potion of curing {unknown}
 i - a potion of lignification {unknown}
 j - a potion of heal wounds


   Skills:
 + Level 4.0 Fighting
 + Level 4.0 Axes
 + Level 2.9 Armour
 + Level 2.6 Dodging


You had one spell level left.
You didn't know any spells.
Your spell library was empty.

Dungeon Overview and Level Annotations

Branches:
Dungeon (2/15)

Altars:

Annotations:
D:2 Terence


Innate Abilities, Weirdness & Mutations

You have a pair of horns on your head.
You reflexively headbutt those who attack you in melee.


Message History

You now have 85 gold pieces (gained 5).
Found a chain mail.
No target in view!
c - 7 scrolls labelled MOM KEBAUQASAEDGH (gained 1) Terence the Incautious comes into view.
He is wielding a +0 mace.
Found an emerald potion.
Terence shouts!
You hear a shout!
Terence hits you with a +0 mace!
Terence is nearby!
Terence is nearby!
You hit Terence but do no damage. Your headbutt misses Terence.
Terence closely misses you.
Terence is nearby!
You hit Terence.
Terence is moderately wounded.
Terence misses you.
Terence is nearby!
You hit Terence but do no damage.
Terence is moderately wounded.
A hobgoblin comes into view.
Terence hits you with a +0 mace!
You closely miss Terence. You headbutt Terence, but do no damage.
Terence is moderately wounded.
Terence hits you with a +0 mace. Terence looks scornfully at you.
Terence hits you with a +0 mace.
* * * LOW HITPOINT WARNING * * *
A red film seems to cover your vision as you go berserk!
You feel yourself moving faster!
You feel mighty! Terence hits you with a +0 mace!
* * * LOW HITPOINT WARNING * * *
You hit Terence.
Terence is moderately wounded.
You barely miss Terence. You headbutt Terence.
Terence is heavily wounded.
Terence drinks a potion.
Terence is healed!
You are too injured to fight recklessly!
Unknown command.
You closely miss Terence. Terence hits you with a +0 mace!
You die...

. ###..[.....#
#.#.....#........
#.#.#.....##.....
#.....###.....###
#####.#....[...##.#
........##..##.# .#
...##.....#..#..
###
#####.##.###.....
#.##.@@g.....
#.##..##...!.
..##..# ... #####..
. ..#. ..#. .## .
..


You could see Terence and a hobgoblin.

Vanquished Creatures
  3 endoplasms (D:1)
  A goblin (D:1)
  A hobgoblin (D:1)
  A quokka (D:2)
  9 ball pythons
  2 bats (D:1)
  A frilled lizard (D:1)
  3 kobolds (D:1)
  3 rats (D:1)
24 creatures vanquished.

Notes
Turn   | Place    | Note
-------+----------+-------------------------------------------
     0 | D:1      | kiwi3s the Minotaur Berserker began the quest for the Orb.
     0 | D:1      | Reached XP level 1. HP: 19/19 MP: 0/0
   190 | D:1      | Reached XP level 2. HP: 21/27 MP: 1/1
   477 | D:1      | Reached ** piety under Trog
   627 | D:2      | Noticed Terence
   636 | D:2      | Slain by Terence

Illustrated notes

Levels and vault maps discovered:
D:1:      evilmike_arrival_fibonacci_small, layout_basic
D:2:      layout_basic, uniq_terence

Skill      XL: |  1  2 |
---------------+-------+-----
Fighting       | 4 |  4.0
Axes           | 4 |  4.0
Armour         | |  2.9
Dodging        | |  2.6

Action                     || total
---------------------------++-------
  Melee: Hand axe          ||    47
         Headbutt          ||     4
 Invoke: Berserk           ||     1
 Armour: Animal skin       ||    11
  Dodge: Dodged            ||    22

Table legend: (Time is in decaauts)
 A = Elapsed time spent in this place.
 B = Non-inter-level travel time spent in this place.
 C = Inter-level travel time spent in this place.
 D = Time resting spent in this place.
 E = Time spent auto-exploring this place.
 F = Levels seen in this place.
 G = Mean time per level.
                   A        B        C        D        E       F      G
               +--------+--------+--------+--------+--------+-----+--------+
         Total |    640 |    628 |     12 |      0 |    517 |   2 |  320.0 |
       Dungeon |    640 |    628 |     12 |      0 |    517 |   2 |  320.0 |
               +--------+--------+--------+--------+--------+-----+--------+

Top non-repeatable levels by time:
     D:1: 593 daAuts
     D:2: 46 daAuts
